 Dungeon Crawl Stone Soup version 0.19.1-1-g22dce08 (webtiles) character file.

5476 galech the Grappler (level 10, 0/102 HPs)
             Began as a Troll Monk on Dec 31, 2016.
             Was an Elder of Makhleb.
             Slain by an orc warrior
             ... wielding a +0 scimitar
             ... led by an orc high priest
              (15 damage)
             ... on level 9 of the Dungeon.
             The game lasted 00:22:39 (7910 turns).

galech the Grappler (Troll Monk)                    Turns: 7910, Time: 00:22:40

Health: 0/102      AC:  8    Str: 24    XL:     10   Next: 42%
Magic:  10/10      EV: 14    Int:  6    God:    Makhleb [****..]
Gold:   640        SH:  0    Dex: 16    Spells: 0 memorised, 9 levels left

rFire  . . .     SeeInvis .       - Unarmed
rCold  . . .     Gourm    +     w - +2 robe {MR+}
rNeg   . . .     Faith    .     (no shield)
rPois  +         Spirit   .     (helmet restricted)
rElec  +         Reflect  .     n - +0 cloak
rCorr  .         Harm     .     (gloves unavailable)
MR     +....                    (boots unavailable)
Stlth  ++........               (no amulet)
                                e - +2 ring of dexterity
                                o - ring of poison resistance

@: about to teleport
A: unfitting armour, antennae 1, claws 3, agile 1, fast metabolism 3, gourmand,
high mp 1, regeneration 1, shaggy fur 1, electricity resistance, tough skin 2
a: Minor Destruction, Lesser Servant of Makhleb, Major Destruction, Renounce
Religion


You were on level 9 of the Dungeon.
You worshipped Makhleb.
Makhleb was greatly pleased with you.
You were very full.

You visited 3 branches of the dungeon, and saw 11 of its levels.
You also visited: Sewer.

You collected 640 gold pieces.

Inventory:

Armour
 n - a +0 cloak (worn)
 w - a +2 robe of magic resistance (worn)
Jewellery
 e - a +2 ring of dexterity (right claw)
 o - a ring of poison resistance (left claw)
 p - an uncursed ring of protection from fire
 E - a +2 ring of strength
 F - an uncursed ring of protection from cold
 R - the ring of Xom's Capriciousness {rElec Str+2 Int-4 Stlth-, unknown}
   (You found it on level 9 of the Dungeon)

   [ring of loudness]

   It affects your strength (+2).
   It affects your intelligence (-4).
   It insulates you from electricity.
   It makes you less stealthy.
 S - an uncursed ring of protection from magic {unknown}
Wands
 A - a wand of acid (7/15)
 K - a wand of flame (17/48)
 L - a wand of confusion (26/48)
 T - a wand of iceblast (8/15)
 U - a wand of slowing (22/48)
Scrolls
 c - 5 scrolls of magic mapping
 g - a scroll of remove curse
 h - 2 scrolls of blinking
 i - 5 scrolls of teleportation
 k - 3 scrolls of fear
 q - a scroll of recharging
 s - 2 scrolls of enchant weapon
 v - 2 scrolls of random uselessness
 x - a scroll of noise
 y - a scroll of amnesia {unknown}
 G - a scroll of enchant armour {unknown}
 J - 2 scrolls of fog
 N - a scroll of vulnerability {unknown}
Potions
 a - 2 potions of agility
 d - 4 potions of brilliance {unknown}
 j - a potion of haste {unknown}
 l - a potion of degeneration {unknown}
 m - 2 potions of cancellation {unknown}
 r - a potion of flight {unknown}
 t - 9 potions of curing {unknown}
 u - 3 potions of heal wounds {unknown}
 z - a potion of beneficial mutation {unknown}
 B - a potion of might {unknown}
 C - 2 potions of ambrosia {unknown}
 I - a potion of berserk rage {unknown}
 M - a potion of resistance {unknown}
 P - a potion of magic {unknown}
 V - a potion of lignification {unknown}
Books
 O - a book of Conjurations

   Spells                             Type                      Level
   a - Magic Dart                     Conjuration                  1
   b - Searing Ray                    Conjuration                  2
   c - Dazzling Spray                 Conjuration/Hexes            3
   d - Fulminant Prism                Conjuration/Hexes            4
   e - Iskenderun's Mystic Blast      Conjuration                  4
   f - Iskenderun's Battlesphere      Conjuration/Charms           5
Comestibles
 b - 5 bread rations
 f - 4 fruits
 D - 2 meat rations
 H - 2 royal jellies


   Skills:
 + Level 7.0 Fighting
 + Level 7.2 Dodging
 - Level 2.7 Stealth
 + Level 10.5 Unarmed Combat


You had 9 spell levels left.
You didn't know any spells.

Dungeon Overview and Level Annotations

Branches:
Dungeon (9/15)             Temple (1/1) D:4            Lair (0/6) D:8
    Orc (1/2) D:9

Altars:
Ashenzari
Cheibriados
Dithmenos
Elyvilon
Fedhas
Gozag
Hepliaklqana
Kikubaaqudgha
Makhleb
Nemelex Xobeh
Okawaru
Qazlal
Ru
Sif Muna
Trog
Uskayaw
Vehumet
Xom
Yredelemnul
Zin
The Shining One

Shops:
D:5 }   D:7 [


Innate Abilities, Weirdness & Mutations

You are too large for most types of armour.
You have claws for hands.
Your metabolism is lightning-fast.
You like to eat raw meat.
Your natural rate of healing is unusually fast.
You are covered in fur. (AC +1)
You have very tough skin. (AC +2)
You have a pair of small antennae on your head.
You are agile. (Dex +2)
You have an increased reservoir of magic. (+10% MP)
You are resistant to electric shocks. (rElec)


Message History

The warg bites you.
You scratch the orc high priest but do no damage.
The orc hits you but does no damage.
The orc warrior hits you from afar with a trident!
The orc high priest barely misses you. The warg barely misses you.
The orc warrior hits you with a scimitar!
* * * LOW HITPOINT WARNING * * *
A stone giant comes into view.
The stone giant shouts!
The ogre misses you. The orc hits you but does no damage.
The warg closely misses you.
The orc warrior hits you from afar with a trident.
* * * LOW HITPOINT WARNING * * *
The orc high priest hits you but does no damage.
You climb upwards.
Welcome back to the Dungeon!
There is a staircase to the Orcish Mines here.
As you read the scroll of teleportation, it crumbles to dust.
You feel strangely unstable.
The orc warrior hits you with a scimitar!
You die...

#...#
#..#
#.<#
#...#
#..#
#..#
#...#
#..#
#..#
#...#
#..#
#..#
#...#
#..#
#..#
#...#
#..#
#..#
#...#
#..##
#[.#
#...#
#.oo#
#..#
#...#
#ho@#
#..#
#...#
#.O##
#..#
#...#
#..#
#..#
#...#
#).#
#..#
#...#
#..#
#..#
#...#
#..#
#..#
#...#
#..#
#..#
#...#
#..#
#..#
#...#
#..#
#..#


You could see an orc high priest, a warg, an orc warrior, an ogre and an orc.

Vanquished Creatures
  Erica (D:9)
  Maurice (D:9)
  Joseph (D:9)
  A two-headed ogre (Orc:1)
  Sigmund (D:2)
  A water moccasin (D:9)
  An ice beast (D:5)
  Duvessa (D:7)
  6 ogres
  2 sky beasts (D:8)
  A black bear (D:8)
  A phantom (D:7)
  5 centaurs
  A big kobold (D:8)
  3 bullfrogs
  2 gnoll sergeants
  Dowan (D:7)
  A wyvern skeleton (D:6)
  3 scorpions
  6 killer bees (D:9)
  2 howler monkeys
  2 crimson imps
  3 jellies (D:9)
  2 orc priests
  4 hounds
  2 iguanas
  2 bullfrog skeletons (D:9)
  8 orc wizards
  6 worker ants
  A hound skeleton (D:5)
  A worker ant zombie (D:7)
  10 gnolls
  8 adders
  6 river rats (Sewer)
  4 shadow imps
  5 oozes
  An adder zombie (D:4)
  2 worms
  2 dart slugs
  3 leopard geckos
  28 orcs
  9 giant cockroaches
  8 goblins
  10 hobgoblins
  6 jackals
  7 quokkas
  6 ball pythons
  6 bats
  4 frilled lizards
  2 gnoll zombies (D:3)
  A jackal skeleton (D:4)
  29 kobolds
  A quokka skeleton (D:6)
  28 rats
259 creatures vanquished.

Notes
Turn   | Place    | Note
-------+----------+-------------------------------------------
     0 | D:1      | galech the Troll Monk began the quest for the Orb.
     0 | D:1      | Reached XP level 1. HP: 22/22 MP: 0/0
   326 | D:1      | Reached XP level 2. HP: 29/29 MP: 1/1
   983 | D:2      | Reached XP level 3. HP: 29/36 MP: 2/2
  1055 | D:2      | Noticed Sigmund
  1056 | D:2      | Found a sparkling altar of Nemelex Xobeh.
  1086 | D:2      | Killed Sigmund
  1086 | D:2      | Reached skill level 4 in Unarmed Combat
  1086 | D:2      | Reached XP level 4. HP: 22/45 MP: 3/3
  1086 | D:2      | Reached XP level 5. HP: 26/53 MP: 4/4
  1168 | D:2      | Found a sacrificial altar of Ru.
  1980 | D:3      | Found a white marble altar of Elyvilon.
  2078 | D:3      | Reached XP level 6. HP: 60/61 MP: 5/5
  2211 | D:3      | Found a glowing drain.
  2238 | Sewer    | Entered a sewer
  2445 | Sewer    | Reached skill level 5 in Unarmed Combat
  2948 | D:3      | Found a shadowy altar of Dithmenos.
  3068 | D:3      | Found a basalt altar of Yredelemnul.
  3308 | D:4      | Reached XP level 7. HP: 49/67 MP: 6/6
  3491 | D:4      | Found a staircase to the Ecumenical Temple.
  3507 | Temple   | Entered the Ecumenical Temple
  3600 | Temple   | Became a worshipper of Makhleb the Destroyer
  3600 | Temple   | Reached * piety under Makhleb
  3600 | Temple   | Reached ** piety under Makhleb
  3948 | D:4      | Reached skill level 6 in Unarmed Combat
  4206 | D:5      | Entered Level 5 of the Dungeon
  4276 | D:5      | Reached skill level 7 in Unarmed Combat
  4437 | D:5      | Reached XP level 8. HP: 60/76 MP: 7/7
  4566 | D:5      | Found an opulent altar of Gozag.
  4584 | D:5      | Found a radiant altar of Vehumet.
  4589 | D:5      | Found a deep blue altar of Sif Muna.
  4621 | D:5      | Found Nimomotifri's Gadget Shoppe.
  5070 | D:6      | Reached skill level 8 in Unarmed Combat
  5559 | D:7      | Found a deep blue altar of Sif Muna.
  5629 | D:7      | Reached skill level 5 in Dodging
  5664 | D:7      | Noticed Duvessa
  5664 | D:7      | Noticed Dowan
  5680 | D:7      | Killed Duvessa
  5692 | D:7      | Killed Dowan
  5736 | D:7      | Found Ufuhocw's Armour Boutique.
  5866 | D:7      | Found a hazy altar of Hepliaklqana.
  5878 | D:7      | Reached *** piety under Makhleb
  5953 | D:7      | Reached XP level 9. HP: 87/87 MP: 8/8
  6092 | D:8      | Reached skill level 5 in Fighting
  6143 | D:8      | Found an iron altar of Okawaru.
  6168 | D:8      | Found a staircase to the Lair.
  6233 | D:8      | Reached skill level 9 in Unarmed Combat
  6512 | D:8      | Gained mutation: You are resistant to electric shocks. (rElec) [mutagenic meat]
  6514 | D:8      | Gained mutation: You are agile. (Dex +2) [mutagenic meat]
  6515 | D:8      | Gained mutation: You have an increased reservoir of magic. (+10% MP) [mutagenic meat]
  6516 | D:8      | Gained mutation: You have a pair of small antennae on your head. [mutagenic meat]
  6989 | D:9      | Got a scorched jade ring
  7073 | D:9      | Noticed Joseph
  7091 | D:9      | Killed Joseph
  7232 | D:9      | Found an ancient bone altar of Kikubaaqudgha.
  7239 | D:9      | Noticed Erica
  7256 | D:9      | Killed Erica
  7256 | D:9      | Reached **** piety under Makhleb
  7256 | D:9      | Reached skill level 10 in Unarmed Combat
  7256 | D:9      | Reached XP level 10. HP: 68/100 MP: 10/10
  7391 | D:9      | Noticed Maurice
  7422 | D:9      | Killed Maurice
  7653 | D:9      | Found a staircase to the Orcish Mines.
  7900 | Orc:1    | Entered Level 1 of the Orcish Mines
  7900 | Orc:1    | Noticed an orc high priest
  7908 | Orc:1    | Noticed a stone giant
  7910 | D:9      | Slain by an orc warrior

Skill      XL: |  1  2  3  4  5  6  7  8  9 10 |
---------------+-------------------------------+-----
Fighting       | 3 4 6 7 |  7.0
Dodging        | 3 4 5 6 7 |  7.2
Unarmed Combat | 4 5 7 8 10 | 10.5
Stealth        | 2 |  2.7

Action                   |  1- 3 |  4- 6 |  7- 9 | 10-12 || total
-------------------------+-------+-------+-------+-------++-------
Melee: Unarmed           |    70 |   286 |   305 |    71 ||   732
       Punch             |     1 |     5 |     9 |     2 ||    17
  Use: Scroll            |       |       |    11 |     1 ||    12
 Stab: Sleeping          |     4 |     5 |    10 |     6 ||    25
       Distracted        |       |       |     1 |       ||     1
  Eat: Chunk             |    13 |    23 |    41 |     6 ||    83
Armor: Robe              |    12 |   104 |    78 |    16 ||   210
Dodge: Dodged            |    26 |   179 |   156 |    51 ||   412
